AoeStats
← De1moS

Arabia

513650843Analyzed
1v1 RM · 4d ago on Oct 14, 2026· 57m 18s· 2 players
Game mode
Random Map
Map size
Tiny (2 player)
Population
200
Speed
Normal
Resources
Standard
Victory
Conquest
Starting age
Dark Age
Ending age
Imperial Age
RankedLock teamsTeams togetherTeam positionsShared explorationLock speedFull tech treeHidden civsTurbo modeCheats
Victory
Defeat
🇮🇳 Berbers · India
1197
+16
vs
🇪🇪 Ethiopians · Estonia
1202
-16
De1moS
4:04 Loom
9:51 Feudal Age
11:11 Double-Bit Axe
14:13 Wheelbarrow
16:09 Fletching
17:16 Padded Archer Armor
22:55 Castle Age
21:44 Town Watch
24:16 Bodkin Arrow
29:42 Scale Barding Armor
29:47 Forging
29:53 Leather Archer Armor
29:58 Bloodlines
31:12 Husbandry
38:10 Ballistics
39:10 Bow Saw
41:17 Hand Cart
42:09 Horse Collar
45:52 Imperial Age
43:38 Light Cavalry
44:40 Stone Mining
44:40 Gold Mining
46:57 Conscription
46:04 Hussar
46:58 Bracer
49:00 Ring Archer Armor
48:51 Chain Barding Armor
49:06 Iron Casting
49:27 Gold Shaft Mining
49:27 Stone Shaft Mining
49:40 Town Patrol
51:05 Chemistry
50:52 Maghrebi Camels
51:41 Elite Camel Archer
53:36 Kasbah
53:48 Kasbah
54:42 Plate Barding Armor
57:19 Blast Furnace
kkp27
6:42 Loom
10:09 Feudal Age
12:10 Double-Bit Axe
14:08 Wheelbarrow
14:39 Fletching
21:35 Castle Age
20:26 Padded Archer Armor
20:44 Horse Collar
21:15 Gold Mining
21:43 Crossbowman
22:20 Bodkin Arrow
26:17 Light Cavalry
42:51 Scale Barding Armor
49:06 Imperial Age
47:43 Bow Saw
47:35 Heavy Plow
49:47 Chain Barding Armor
49:40 Husbandry
49:55 Forging
49:20 Heavy Camel Rider
50:24 Arbalester
52:57 Ballistics
52:59 Bracer
54:18 Hand Cart
53:59 Town Watch
54:27 Thumb Ring
57:47 Iron Casting
Connection lost

Rejoining the realm…

Still unreachable

The connection could not be restored.

Session expired

The server has moved on; the page needs a fresh start.